 Dungeon Crawl Stone Soup version 0.25-a0-1132-g9d38388ac0 (webtiles) character file.

Game seed: 5922621008391673649, levelgen mode: deterministic

41 Hopman the Skirmisher (level 3, 31/31 HPs)
             Began as a Centaur Fighter on May 20, 2020.
             Got out of the dungeon alive.
             The game lasted 00:03:17 (959 turns).

Hopman the Skirmisher (Centaur Fighter)              Turns: 959, Time: 00:03:18

Health: 31/31      AC:  6    Str: 19    XL:     3   Next: 32%
Magic:  3/3        EV:  6    Int:  7    God:
Gold:   55         SH:  8    Dex:  8    Spells: 2/2 levels left

rFire    . . .     SeeInvis .   a - +0 trident
rCold    . . .     Gourm    .   c - +0 kite shield
rNeg     . . .     Faith    .   e - +0 ring mail
rPois    .         Spirit   .   (no helmet)
rElec    .         Reflect  .   (no cloak)
rCorr    .         Harm     .   (no gloves)
MR       .....                  (no barding)
Stlth    ..........             (no amulet)
HPRegen  0.10/turn              (no ring)
MPRegen  0.08/turn              (no ring)

@: very quick
A: large, hooves 3, deformed body, speed 2, tough skin 3
a: no special abilities


You escaped.
You were not hungry.

You visited 1 branch of the dungeon, and saw 2 of its levels.

You collected 55 gold pieces.

Inventory:

Hand Weapons
 a - a +0 trident (weapon)
Armour
 b - a +0 scale mail
 c - a +0 kite shield (worn)
 e - a +0 ring mail (worn)
Scrolls
 k - a scroll of identify {unknown}
Potions
 d - a potion of might
 h - a potion of heal wounds {unknown}
 i - a potion of degeneration {unknown}
Comestibles
 f - 4 rations


   Skills:
 + Level 3.3 Fighting
 * Level 2.3 Polearms
 + Level 2.5 Armour
 + Level 2.4 Shields


You had 2 spell levels left.
You didn't know any spells.
Your spell library was empty.

Dungeon Overview and Level Annotations

Branches:
Dungeon (2/15)

Altars:


Innate Abilities, Weirdness & Mutations

You have hooves in place of feet.
Armour fits poorly on your strangely shaped body.
You cover ground very quickly.
You have extremely tough skin. (AC +3)


Message History

Some of the chunks of flesh in your inventory have rotted away.
HP restored.
You see here a worm corpse.
Unknown command.
You can't go down here!
There are no objects that can be picked up here. a worm corpse
There is a stone staircase leading up here.
You climb upwards.
There is a stone staircase leading down here.
All of the chunks of flesh in your inventory have rotted away.
You enter the shallow water.
Moving in this stuff is going to be slow.
You enter the shallow water.
Moving in this stuff is going to be slow.
You enter the shallow water.
Moving in this stuff is going to be slow.
There is a staircase leading out of the dungeon here.
Are you sure you want to leave the Dungeon?
This will make you lose the game!
You have escaped!

##### #.##.##
#...################......
###.........................
#.......#.≈≈≈≈≈≈≈..###......
#..#.#....≈.....≈.##........
#..#.#....≈.....≈.##)#.##.##
#..#.#.≈≈.≈.≈≈..≈.##.#.##.#
#..#.#.≈..≈..≈..≈.##.#..#.#
#..#...≈..≈@.≈..≈.##.##.#.#
#......≈..≈≈.≈.≈≈.##.##.#.##
####.#.≈.....≈.....#.......#
#.#.≈.....≈.###.#........
#.#.≈≈≈≈≈≈≈..##.#..#.....
#.#..........##.#..#.#...
#.####..............###.#
#.# #####...........#..#
###.# #.#####........#


There were no monsters in sight!

Vanquished Creatures
  An ooze (D:1)
  A worm (D:2)
  3 leopard geckos (D:1)
  3 bats
  2 giant cockroaches (D:1)
  8 hobgoblins
  3 goblins (D:1)
  3 kobolds (D:1)
  6 rats (D:1)
30 creatures vanquished.

Notes
Turn   | Place    | Note
-------+----------+-------------------------------------------
     0 | D:1      | Hopman the Centaur Fighter began the quest for the Orb.
     0 | D:1      | Reached XP level 1. HP: 19/19 MP: 1/1
   124 | D:1      | Reached XP level 2. HP: 25/26 MP: 2/2
   500 | D:1      | Reached XP level 3. HP: 31/31 MP: 3/3
   959 | D:$      | Got out of the dungeon alive.

Illustrated notes

Levels and vault maps discovered:
D:1:      ebering_hopf_link, layout_loops_cross, chequers_serial_rivers_small_3
D:2:      layout_basic, uniq_terence

Skill      XL: |  1  2 |
---------------+-------+-----
Polearms       | 2 |  2.3
Fighting       | |  3.3
Armour         | |  2.5
Shields        | |  2.4

Action                   || total
-------------------------++-------
Melee: Trident           ||    74
       Kick              ||     5
  Use: Scroll            ||     1
Armor: Ring mail         ||    18
Dodge: Dodged            ||    18
Block: Kite shield       ||    25

Table legend:
 A = Non-vault XP
 B = Vault XP
 C = Vault XP percentage of total XP
 D = Non-vault monster count
 E = Vault monster count
 F = Vault count percentage of total count
                 A         B        C        D         E       F
            +---------+---------+-------+---------+---------+-------
      Total |      59 |       0 |   0.0 |      30 |       0 |   0.0
            +---------+---------+-------+---------+---------+-------
        D:1 |      48 |       0 |   0.0 |      25 |       0 |   0.0
        D:2 |      11 |       0 |   0.0 |       5 |       0 |   0.0
            +---------+---------+-------+---------+---------+-------
